 Dungeon Crawl Stone Soup version 0.21.1-1-g345015f (webtiles) character file.

13713 Monzz the Protected (level 11, -4/97 HPs)
             Began as a Minotaur Fighter on Feb 27, 2018.
             Was an Elder of Okawaru.
             Slain by a cyan ugly thing (17 damage)
             ... on level 12 of the Dungeon on May 7, 2018.
             The game lasted 00:51:24 (9078 turns).

Monzz the Protected (Minotaur Fighter)              Turns: 9078, Time: 00:51:25

Health: -4/97      AC: 21    Str: 23    XL:     11   Next: 79%
Magic:  10/10      EV:  7    Int:  9    God:    Okawaru [****..]
Gold:   287        SH:  0    Dex: 11    Spells: 10/10 levels left

rFire    + + .     SeeInvis .   K - +3 battleaxe "Giant's Curse" {elec, rF+}
rCold    + . .     Gourm    .   (shield currently unavailable)
rNeg     . . .     Faith    .   i - +5 plate armour {rPois}
rPois    +         Spirit   .   (helmet restricted)
rElec    .         Reflect  .   p - scarf {repulsion}
rCorr    .         Harm     .   (no gloves)
MR       +....                  (no boots)
Stlth    ..........             (no amulet)
HPRegen  0.26/turn              F - ring of protection from magic
MPRegen  0.12/turn              o - ring of protection from cold

@: about to teleport, repel missiles
A: retaliatory headbutt, horns 2, iridescent scales 1, clever 1, fire resistance
1, strong 1, MP-powered wands
a: Heroism, Renounce Religion


You were on level 12 of the Dungeon.
You worshipped Okawaru.
Okawaru was greatly pleased with you.
You were not hungry.

You visited 2 branches of the dungeon, and saw 13 of its levels.
You also visited: Sewer.

You collected 673 gold pieces.
You spent 386 gold pieces at shops.

Inventory:

Hand Weapons
 a - the +6 great mace of Myoxups {venom, rElec rC- MR+ Str+7}
   (You bought it in a shop on level 9 of the Dungeon)

   It poisons the flesh of those it strikes.
   It affects your strength (+7).
   It makes you vulnerable to cold.
   It insulates you from electricity.
   It affects your resistance to hostile enchantments.
 h - a +1 scimitar of flaming
 j - a +0 hunting sling of freezing
 l - a +5 hand axe
 r - a +4 short sword
 t - a +2 flail of distortion
 C - a +0 blowgun
 K - the +3 battleaxe "Giant's Curse" (weapon) {elec, rF+}
   (You found it on level 10 of the Dungeon)

   Occasionally, upon striking a foe, it will discharge some electrical energy
   and cause terrible harm.
   It protects you from fire.
Missiles
 n - 155 stones
 v - 3 throwing nets (quivered)
 B - 5 poisoned needles
Armour
 c - a +0 shield
 i - a +5 plate armour of poison resistance (worn)
 p - a scarf of repulsion (worn)
 A - a +2 robe
Jewellery
 g - an uncursed ring of magical power
 o - a ring of protection from cold (right hand)
 F - a ring of protection from magic (left hand)
 G - a +2 amulet of reflection {unknown}
 H - the ring "Nameoz" {Wiz rC+ rN+, unknown}
   (You found it on level 9 of the Dungeon)

   [ring of wizardry]

   It improves your spell success rate.
   It protects you from cold.
   It protects you from negative energy.
 L - an uncursed amulet of magic regeneration {unknown}
Wands
 k - a wand of clouds (10)
 y - a wand of paralysis (11)
 I - a wand of flame (16)
 P - a wand of iceblast (8)
Scrolls
 d - 2 scrolls of magic mapping
 e - 6 scrolls of teleportation
 s - 5 scrolls of remove curse
 z - 3 scrolls of identify
 O - a scroll of amnesia
Potions
 b - 3 potions of agility
 q - 3 potions of flight
 w - 4 potions of curing
 x - a potion of might
 D - 3 potions of haste
 J - a potion of ambrosia
 M - 2 potions of berserk rage
 N - a potion of invisibility {unknown}
Books
 u - Spellweaving for Neophytes
   (You found it on level 5 of the Dungeon)

   Spells                             Type                      Level
   a - Infusion                       Charms                       1
   b - Confusing Touch                Hexes                        1
   c - Freeze                         Ice                          1
   d - Animate Skeleton               Necromancy                   1
   e - Summon Small Mammal            Summoning                    1
 E - a book of Flames

   Spells                             Type                      Level
   a - Flame Tongue                   Conjuration/Fire             1
   b - Throw Flame                    Conjuration/Fire             2
   c - Conjure Flame                  Conjuration/Fire             3
   d - Inner Flame                    Hexes/Fire                   3
   e - Sticky Flame                   Conjuration/Fire             4
   f - Fireball                       Conjuration/Fire             5
Comestibles
 f - 13 rations
 m - 3 chunks of flesh


   Skills:
 + Level 9.3 Fighting
 - Level 9.2 Short Blades
 + Level 5.8(9.1) Axes
 + Level 9.8(10.5) Maces & Flails
   Level 4.1(5.6) Polearms
 * Level 10.9 Armour
 * Level 3.2 Stealth
 + Level 9.8 Shields
 + Level 0.2 Evocations


You had 10 spell levels left.
You didn't know any spells.

Dungeon Overview and Level Annotations

Branches:
Dungeon (12/15)            Temple (1/1) D:6            Lair (0/6) D:9
    Orc: D:9-12

Altars:
Cheibriados
Dithmenos
Elyvilon
Fedhas
Gozag
Kikubaaqudgha
Makhleb
Nemelex Xobeh
Okawaru
Qazlal
Ru
Sif Muna
Trog
Uskayaw
Wu Jian
Xom
Yredelemnul
The Shining One

Shops:
D:6 !   D:9 (}[   D:10 [   D:11 (

Annotations:
D:3 shakethe's ghost, amateur HOGl
D:5 Zleub's ghost, amateur MfSk


Innate Abilities, Weirdness & Mutations

You reflexively headbutt those who attack you in melee.
You have a pair of horns on your head.
You are partially covered in iridescent scales. (AC +2)
Your mind is acute. (Int +2)
Your flesh is heat resistant. (rF+)
Your muscles are strong. (Str +2)
You expend magic power (3 MP) to strengthen your wands.


Message History

Okawaru accepts your kill.
You hear a horrible gurgling sound!
A cyan ugly thing comes into view.
The cyan ugly thing tail-slaps you! The cyan ugly thing shocks you!
* * * LOW HITPOINT WARNING * * *
Things that are here:
an uncursed shortbow; 12 arrows; a centaur corpse You slash the cyan ugly thing!
The cyan ugly thing is lightly wounded.
The cyan ugly thing tail-slaps you.
* * * LOW HITPOINT WARNING * * *
The cyan ugly thing shocks you!
* * * LOW HITPOINT WARNING * * *
As you read the scroll of teleportation, it crumbles to dust.
You feel strangely unstable.
The cyan ugly thing tail-slaps you but does no damage.
You feel better. The cyan ugly thing tail-slaps you.
* * * LOW HITPOINT WARNING * * *
The cyan ugly thing shocks you!
You die...

.. .. .###
... ###..
..( #u# #@#
#)# #.# #.#
#.# #.# #.##
#..######.##
##......>...


You could see a cyan ugly thing.

Vanquished Creatures
  Erica (D:8)
  3 two-headed ogres
  The ghost of Gandalfino the Basher, a novice HuFi (D:7)
  2 unseen horrors
  2 ugly things
  A hornet (D:10)
  A troll (D:11)
  Prince Ribbit (D:9)
  2 hippogriffs
  A meliai zombie (D:8)
  2 wyverns
  Sigmund (D:6)
  14 yaks
  A basilisk (D:11)
  3 vampire mosquitoes (D:11)
  6 orc warriors
  A black bear (D:9)
  3 ice beasts
  A sky beast (D:9)
  A necrophage (D:5)
  4 phantoms
  2 ogres
  8 centaurs
  A crocodile (D:7)
  3 big kobolds (Sewer)
  6 bullfrogs
  A water moccasin skeleton (D:8)
  A wyvern skeleton (D:9)
  A scorpion (D:7)
  5 wights (D:8)
  4 killer bees (D:8)
  4 howler monkeys
  2 crimson imps
  2 centaur zombies (D:10)
  A bullfrog zombie (D:9)
  4 hounds
  A jelly (D:6)
  A bullfrog skeleton (D:7)
  2 centaur skeletons
  3 orc wizards
  4 orc priests
  2 iguanas
  4 worker ants
  2 worker ant zombies
  A howler monkey skeleton (D:7)
  6 gnolls
  14 adders
  A river rat (Sewer)
  4 shadow imps
  4 oozes
  8 worms
  6 leopard geckos
  37 orcs
  6 bats
  12 giant cockroaches
  5 hobgoblins
  12 jackals
  15 kobolds
  2 quokkas
  5 ball pythons
  5 frilled lizards
  2 gnoll zombies (D:6)
  7 goblins
  4 quokka skeletons
  12 rats
284 creatures vanquished.

Notes
Turn   | Place    | Note
-------+----------+-------------------------------------------
     0 | D:1      | Monzz the Minotaur Fighter began the quest for the Orb.
     0 | D:1      | Reached XP level 1. HP: 19/19 MP: 0/0
    56 | D:1      | Reached XP level 2. HP: 19/27 MP: 1/1
   511 | D:2      | Reached XP level 3. HP: 33/33 MP: 2/2
   517 | D:2      | Reached skill level 4 in Armour
   655 | D:2      | Reached XP level 4. HP: 24/41 MP: 3/3
  1093 | D:2      | Found an opulent altar of Gozag.
  1150 | D:2      | Reached skill level 1 in Short Blades
  1150 | D:2      | Reached XP level 5. HP: 42/47 MP: 4/4
  1418 | D:3      | Noticed shakethe's ghost (amateur HOGl)
  1637 | D:4      | Found a burning altar of Makhleb.
  1890 | D:4      | Noticed an ogre
  1895 | D:4      | Reached XP level 6. HP: 53/53 MP: 5/5
  1901 | D:4      | Reached skill level 5 in Armour
  1937 | D:4      | Found a shimmering altar of Xom.
  1937 | D:4      | Found a shimmering altar of Xom.
  1938 | D:4      | Found a shimmering altar of Xom.
  2079 | D:5      | Entered Level 5 of the Dungeon
  2154 | D:5      | Reached skill level 5 in Shields
  2167 | D:5      | Reached XP level 7. HP: 43/57 MP: 6/6
  2176 | D:5      | Noticed Zleub's ghost (amateur MfSk)
  2179 | D:5      | Reached skill level 5 in Fighting
  2183 | D:5      | Identified Spellweaving for Neophytes
  2221 | D:6      | Reached skill level 5 in Short Blades
  2251 | D:6      | Found a glowing golden altar of the Shining One.
  2306 | D:6      | Reached skill level 6 in Armour
  2322 | D:6      | Found Fyud's Distillery.
  2332 | D:6      | Bought a potion of heal wounds for 60 gold pieces
  2332 | D:6      | Bought a potion of curing for 36 gold pieces
  2332 | D:6      | Bought 2 potions of curing for 72 gold pieces
  2412 | D:6      | Noticed Sigmund
  2417 | D:6      | Killed Sigmund
  2417 | D:6      | Reached XP level 8. HP: 53/66 MP: 7/7
  2509 | D:6      | Found a glowing drain.
  2513 | Sewer    | Entered a sewer
  3215 | D:6      | Found a basalt altar of Yredelemnul.
  3303 | D:6      | Found a staircase to the Ecumenical Temple.
  3339 | D:6      | Reached skill level 7 in Armour
  3563 | D:7      | Noticed Gandalfino's ghost (novice HuFi)
  3602 | D:7      | Killed Gandalfino's ghost
  3602 | D:7      | Reached XP level 9. HP: 70/75 MP: 8/8
  3880 | D:7      | Reached skill level 8 in Armour
  4798 | D:8      | Noticed Erica
  4815 | D:8      | Killed Erica
  4815 | D:8      | Reached skill level 9 in Armour
  4815 | D:8      | Reached XP level 10. HP: 43/88 MP: 9/9
  4846 | D:8      | Gained mutation: You are agile. (Dex +2) [potion of mutation]
  4846 | D:8      | Gained mutation: Your muscles are strong. (Str +2) [potion of mutation]
  5041 | D:8      | Lost mutation: You are agile. (Dex +2) [potion of mutation]
  5041 | D:8      | Gained mutation: You are partially covered in iridescent scales. (AC +2) [potion of mutation]
  5041 | D:8      | Gained mutation: You expend magic power (3 MP) to strengthen your wands. [potion of mutation]
  5041 | D:8      | Gained mutation: Your flesh is heat resistant. (rF+) [potion of mutation]
  5041 | D:8      | Gained mutation: Your mind is acute. (Int +2) [potion of mutation]
  5327 | D:8      | Reached skill level 1 in Axes
  5435 | D:9      | Found Wutzatoj's Antique Weapon Shop.
  5462 | D:9      | Bought an ebony great mace for 218 gold pieces
  5467 | D:9      | Identified the +6 great mace of Myoxups {venom, rElec rC- MR+ Str+7} (You bought it in a shop on level 9 of the Dungeon)
  5493 | D:9      | Noticed a purple ugly thing
  5501 | D:9      | Killed a purple ugly thing
  5501 | D:9      | Reached skill level 1 in Maces & Flails
  5590 | D:9      | Noticed Prince Ribbit
  5596 | D:9      | Killed Prince Ribbit
  5606 | D:9      | Reached skill level 5 in Maces & Flails
  5913 | D:9      | Found a staircase to the Lair.
  5932 | D:9      | Found Moneaf's Armour Emporium.
  5958 | D:9      | Got a translucent granite ring
  6052 | D:9      | Found Dixtuzu's Gadget Emporium.
  6343 | Temple   | Entered the Ecumenical Temple
  6506 | Temple   | Became a worshipper of Warmaster Okawaru
  6664 | D:10     | Entered Level 10 of the Dungeon
  6679 | D:10     | Killed an unseen horror
  6727 | D:10     | Reached * piety under Okawaru
  6735 | D:10     | Reached XP level 11. HP: 67/95 MP: 10/10
  6781 | D:10     | Found an iron altar of Okawaru.
  6787 | D:10     | Noticed a two-headed ogre
  6792 | D:10     | Killed a two-headed ogre
  6792 | D:10     | Reached ** piety under Okawaru
  7001 | D:10     | Reached skill level 1 in Stealth
  7306 | D:10     | Got an encrusted battleaxe
  7307 | D:10     | Identified the +3 battleaxe "Giant's Curse" {elec, rF+} (You found it on level 10 of the Dungeon)
  7379 | D:10     | Found Doudwoe's Antique Armour Boutique.
  7392 | D:10     | Reached skill level 10 in Armour
  7717 | D:11     | Noticed a green ugly thing
  7737 | D:11     | Killed a green ugly thing
  7915 | D:11     | Reached *** piety under Okawaru
  7971 | D:11     | Found Tosihy's Antique Weapon Boutique.
  8343 | D:11     | Killed an unseen horror
  8544 | D:11     | Noticed a two-headed ogre
  8877 | D:11     | Killed a two-headed ogre
  8877 | D:11     | Reached skill level 5 in Axes
  9055 | D:12     | Noticed a two-headed ogre
  9068 | D:12     | Killed a two-headed ogre
  9072 | D:12     | Reached **** piety under Okawaru
  9075 | D:12     | Noticed a cyan ugly thing
  9078 | D:12     | Slain by a cyan ugly thing

Skill      XL: |  1  2  3  4  5  6  7  8  9 10 11 |
---------------+----------------------------------+-----
Fighting       | 4 5 6 7 8 9 |  9.3
Polearms       | 3 4 |  4.1
Armour         | 4 5 6 7 9 10 | 10.9
Shields        | 4 5 6 7 9 |  9.8
Short Blades   | 1 3 4 6 7 9 |  9.2
Axes           | 1 5 |  5.8
Maces & Flails | 8 9 |  9.8
Stealth        | 3 |  3.2
Evocations     | |  0.2

Action                   |  1- 3 |  4- 6 |  7- 9 | 10-12 || total
-------------------------+-------+-------+-------+-------++-------
Melee: Trident           |   101 |     9 |       |       ||   110
       Headbutt          |    16 |    23 |    71 |    52 ||   162
       Short sword       |       |   199 |   424 |    28 ||   651
       Great mace        |       |       |       |   103 ||   103
       Hand axe          |       |       |       |    23 ||    23
       Battleaxe         |       |       |       |   109 ||   109
Evoke: Wand              |       |       |     1 |       ||     1
  Use: Scroll            |     1 |    10 |     5 |     4 ||    20
       Potion            |       |     3 |    10 |     6 ||    19
 Stab: Paralysed         |       |       |     1 |       ||     1
  Eat: Chunk             |       |     1 |     5 |    12 ||    18
       Ration            |       |     1 |     2 |       ||     3
Armor: Scale mail        |    11 |    55 |       |       ||    66
       Plate armour      |    40 |    38 |   206 |   228 ||   512
Dodge: Dodged            |    20 |    36 |    54 |   118 ||   228
       Deflected         |       |       |     7 |     6 ||    13
Block: Shield            |    37 |    75 |   208 |    20 ||   340
